 Dungeon Crawl Stone Soup version 0.31-a0-210-gccc998df9b (webtiles) character file.

Game seed: 6828825018192282495

189 qw the Chopper (level 5, -5/32 HPs)
             Began as a Gargoyle Fighter on June 30, 2023.
             Slain by an iguana (8 damage)
             ... on level 2 of the Dungeon.
             The game lasted 00:00:23 (1021 turns).

qw the Chopper (Gargoyle Fighter)                   Turns: 1021, Time: 00:00:24

Health: -5/32      AC: 10    Str: 21    XL:     5   Next: 68%
Magic:  5/5        EV:  9    Int:  9    God:
Gold:   45         SH:  4    Dex:  9    Spells: 4/4 levels left

rFire   . . .        Y - +0 war axe
rCold   . . .        c - +0 buckler
rNeg    + . .        b - +0 scale mail
rPois   inf          (no helmet)
rElec   +            (no cloak)
rCorr   .            (no gloves)
SInv    .            (no boots)
Will    .....        (no amulet) Stlth
                     e - +4 ring of slaying {mikee}
HPRegen 0.25/turn    (no ring)
MPRegen 0.09/turn

%: no passive effects
@: no status effects
A: sickness immunity, AC +4, negative energy resistance 1, electricity
resistance, torment resistance 1, petrification resistance
a: no special abilities


You were on level 2 of the Dungeon.
You visited 1 branch of the dungeon, and saw 2 of its levels.

You collected 45 gold pieces.


Innate Abilities, Weirdness & Mutations

You are immune to sickness and miasma.
Your stone body is resilient. (AC +4)
You are immune to poison.
You resist negative energy. (rN+)
You are resistant to electric shocks. (rElec)
You are resistant to unholy torment.
You are immune to petrification.


   Skills:
 + Level 3.2 Fighting
 - Level 5.2 Axes
 - Level 3.2 Armour
 - Level 3.2 Shields


You had 4 spell levels left.
You didn't know any spells.
Your spell library was empty.

Inventory:

Hand Weapons
 h - a +0 mace
 Y - a +0 war axe (weapon)
Armour
 b - a +0 scale mail (worn)
 c - a +0 buckler (worn)
Jewellery
 e - a +4 ring of slaying (left hand) {mikee}
Scrolls
 a - a scroll of identify
Potions
 d - 2 potions of might

Dungeon Overview and Level Annotations

Branches:
Dungeon (2/15)

Altars:


Message History

The iguana hisses angrily.
You slash Sigmund!
Sigmund is heavily wounded.
Sigmund hits you but does no damage.
You hit Sigmund.
Sigmund is severely wounded.
Sigmund misses you.
You hit Sigmund.
Sigmund is almost dead.
You slash the iguana! The iguana bites you. Sigmund hits you with a +0 scythe.
You barely miss Sigmund.
Sigmund is almost dead.
You closely miss the iguana. The iguana bites you!
Ouch! That really hurt!
Sigmund casts a spell at you. You resist with significant effort.
The iguana barely misses you.
You hit Sigmund.
Sigmund is almost dead.
You hit the iguana. Sigmund hits you with a +0 scythe.
The iguana bites you but does no damage.
You slash Sigmund!
You kill Sigmund!
You barely miss the iguana. The iguana misses you.
Your Axes skill gained 2 levels and is now at level 5!
You have reached level 3!
Your experience leads to an increase in your attributes!
Increase (S)trength, (I)ntelligence, or (D)exterity?
You feel stronger. x2; You have reached level 4!
You feel clever.
You have reached level 5!
You closely miss the iguana.
The iguana is severely wounded.
You block the iguana's attack. The iguana bites you.
You closely miss the iguana.
The iguana is severely wounded.
The iguana bites you!
You die...

##.## ... ...
... ## #.# ..
.######.##.#
......l)...#
#@# #.# #.#
#.# #.#
######.######
#...........#
#.##.#..###.#
# #....##


You could see an iguana.

Vanquished Creatures
  Sigmund (D:2)
  2 ball pythons (D:1)
  3 endoplasms (D:1)
  2 goblins (D:1)
  A hobgoblin (D:1)
  3 quokkas (D:1)
  A bat (D:1)
  A frilled lizard (D:1)
  4 kobolds (D:1)
  2 rats (D:1)
20 creatures vanquished.

Notes
Turn   | Place    | Note
-------+----------+-------------------------------------------
     0 | D:1      | qw the Gargoyle Fighter began the quest for the Orb.
     0 | D:1      | Reached XP level 1. HP: 14/14 MP: 1/1
     0 | D:1      | 0 ||| qw: Version: 0.3-a-26-gee661ec
     0 | D:1      | 0 ||| qw: Game counter: 7177
     0 | D:1      | 0 ||| qw: Melee chars always use a shield: true
     0 | D:1      | 0 ||| qw: God list: Okawaru
     0 | D:1      | 0 ||| qw: Allow faded altars: false
     0 | D:1      | 0 ||| qw: Do Orc after clearing Dungeon:15 true
     0 | D:1      | 0 ||| qw: Do second Lair branch before Depths: true
     0 | D:1      | 0 ||| qw: Lair rune preference: random
     0 | D:1      | 0 ||| qw: Goals: Normal, Zot:1-4, Slime:5, God:TSO, Crypt,
                  | Tomb, Abyss, Pan, Hells, Win
     0 | D:1      | 0 ||| PLANNING D:1-11
    76 | D:1      | Reached skill level 2 in Axes
    78 | D:1      | 78 ||| Stepping ~*~*~tactically~*~*~ (hiding).
   229 | D:1      | Reached XP level 2. HP: 18/19 MP: 2/2
   393 | D:1      | 393 ||| Stepping ~*~*~tactically~*~*~ (hiding).
   404 | D:1      | 404 ||| Stepping ~*~*~tactically~*~*~ (stealth).
   484 | D:1      | 484 ||| DROPPING +0 club.
   741 | D:1      | Reached skill level 3 in Axes
   956 | D:1      | 956 ||| UPGRADING to +4 ring of slaying {mikee}.
   957 | D:1      | 957 ||| READING 2 scrolls labelled DIBLUS NESHEIT.
  1008 | D:2      | Noticed Sigmund
  1018 | D:2      | HP: 4/19 [Sigmund/+0 scythe (2)]
  1019 | D:2      | Killed Sigmund
  1020 | D:2      | Reached skill level 5 in Axes
  1020 | D:2      | Reached XP level 3. HP: 5/23 MP: 3/3
  1020 | D:2      | Reached XP level 4. HP: 6/28 MP: 4/4
  1020 | D:2      | Reached XP level 5. HP: 7/32 MP: 5/5
  1021 | D:2      | Slain by an iguana

Levels and vault maps discovered:
D:1:      kennysheep_arrival_seaside, layout_loops_ring
D:2:      layout_loops_corners, dilly_ecumenical_altar_fadedgnrine,
          serial_park_tiny_1, uniq_sigmund

Skill      XL: |  1  2 |
---------------+-------+-----
Axes           | 2 5 |  5.2
Fighting       | |  3.2
Armour         | |  3.2
Shields        | |  3.2

Action                     |  1- 3 |  4- 6 || total
---------------------------+-------+-------++-------
  Melee: War axe           |    65 |     2 ||    67
    Use: Scroll            |     1 |       ||     1
 Armour: Scale mail        |    23 |       ||    23
  Dodge: Dodged            |    32 |       ||    32
  Block: Buckler           |    12 |     1 ||    13

Table legend:
 A = Non-vault XP
 B = Vault XP
 C = Vault XP percentage of total XP
 D = Non-vault monster count
 E = Vault monster count
 F = Vault count percentage of total count
                 A         B        C        D         E       F
            +---------+---------+-------+---------+---------+-------
      Total |      32 |     239 |  88.2 |      19 |       1 |   5.0
            +---------+---------+-------+---------+---------+-------
        D:1 |      32 |       0 |   0.0 |      19 |       0 |   0.0
        D:2 |       0 |     239 | 100.0 |       0 |       1 | 100.0
            +---------+---------+-------+---------+---------+-------
